 Dungeon Crawl Stone Soup version 0.18.1-1-g2f07953 (webtiles) character file.

130 Hipnos the Ducker (level 4, -1/22 HPs)
             Began as a Spriggan Artificer on May 8, 2016.
             Slain by Grinder (5 damage)
             ... while paralysed by Grinder
             ... on level 3 of the Dungeon.
             The game lasted 00:07:19 (2956 turns).

Hipnos the Ducker (Spriggan Artificer)              Turns: 2956, Time: 00:07:20

Health: -1/22      AC:  2    Str:  7    XL:     4   Next: 89%
Magic:  8/8        EV:  4    Int: 14    God:
Gold:   93         SH:  0    Dex: 16    Spells: 0 memorised, 3 levels left

rFire  . . .     SeeInvis +     j - +2 long sword (flame)
rCold  . . .     Gourm    .     b - +0 robe
rNeg   . . .     Faith    .     (shield currently unavailable)
rPois  .         Spirit   .     (helmet restricted)
rElec  .         Dismiss  .     (no cloak)
rCorr  .         Reflect  .     (gloves unavailable)
SustAt .         Harm     .     (boots unavailable)
MR     .....                    (no amulet)
Stlth  +++.......               (no ring)
                                m - ring of wizardry

@: paralysed, very quick, not resistant to hostile enchantments, fairly stealthy
A: unfitting armour, see invisible, herbivore 3, speed 3, slow metabolism 2
a: no special abilities


You were on level 3 of the Dungeon.
You were not hungry.

You visited 1 branch of the dungeon, and saw 3 of its levels.

You collected 93 gold pieces.

Inventory:

Hand Weapons
 a - a +0 short sword
 j - a +2 long sword of flaming (weapon)
Armour
 b - a +0 robe (worn)
Jewellery
 m - a ring of wizardry (left hand)
Wands
 c - a wand of flame (0/48)
 d - a wand of enslavement (14/24)
 e - a wand of random effects (13/48)
Scrolls
 h - a scroll of enchant armour
 o - a scroll of random uselessness {unknown}
 s - a scroll of remove curse {unknown}
 t - a scroll of immolation {unknown}
 u - 2 scrolls of identify
 v - a scroll of recharging {unknown}
 w - a scroll of noise {unknown}
Potions
 g - a potion of flight {unknown}
 i - a potion of degeneration {unknown}
 k - a potion of agility {unknown}
 l - a potion of brilliance {unknown}
 n - a potion of resistance {unknown}
 q - a potion of heal wounds {unknown}
 r - a potion of curing {unknown}
Comestibles
 f - 4 bread rations
 p - 4 fruits


   Skills:
 + Level 1.5 Fighting
 - Level 1.5(1.7) Short Blades
 + Level 0.5(1.0) Long Blades
 + Level 5.0 Dodging
 + Level 3.5 Stealth
 + Level 4.8 Evocations


You had 3 spell levels left.
You didn't know any spells.

Dungeon Overview and Level Annotations

Branches:
Dungeon (3/15)

Altars:
Cheibriados

Annotations:
D:3 Grinder


Innate Abilities, Weirdness & Mutations

You are tiny and cannot use many weapons and most armour.
You have supernaturally acute eyesight.
You are a herbivore.
You cover ground extremely quickly.
You need consume almost no food.


Message History

This wand has 13 charges left.
You hit Grinder but do no damage.
Grinder is moderately wounded.
Grinder gestures at you. You resist with some effort.
Grinder blinks!
Grinder blinks!
You hit Grinder. You burn Grinder.
Grinder is heavily wounded.
Grinder completely misses you. Grinder hits you!
You writhe in agony.
You hit Grinder. You burn Grinder.
Grinder is heavily wounded.
Grinder hits you.
You writhe in agony.
You hit Grinder. You burn Grinder.
Grinder is heavily wounded.
Grinder gestures at you.
You suddenly lose the ability to move!
Grinder hits you.
* * * LOW HITPOINT WARNING * * *
You writhe in agony.
You die...

......% ####.#
.......######....#
.............>...#
.<.......####..###
.........# #..##
.........# #...#
######..>####.#.#######
.........'.....)...##<#
######.@.####)##.#.##.#
#.5.##..[##...##.##
#...##.#####.)#....
######.# #..##... #.#
##.#.... #.### #......
#...# #..#... ###)#
#..#.[. ####.# ##.#...


You could see Grinder.

Vanquished Creatures
  An orc priest (D:3)
  An orc wizard (D:3)
  An adder (D:2)
  A worm (D:2)
  2 dart slugs
  A giant gecko (D:2)
  8 orcs (D:3)
  3 ball pythons (D:2)
  9 bats
  5 giant cockroaches
  2 goblins
  5 hobgoblins
  3 jackals
  A quokka (D:3)
  2 giant newts
  A kobold (D:1)
  7 rats
53 creatures vanquished.

Vanquished Creatures (others)
  An orc (D:3)
1 creature vanquished.

Grand Total: 54 creatures vanquished

Notes
Turn   | Place    | Note
--------------------------------------------------------------
     0 | D:1      | Hipnos the Spriggan Artificer began the quest for the Orb.
     0 | D:1      | Reached XP level 1. HP: 9/9 MP: 4/4
   230 | D:1      | Reached XP level 2. HP: 4/14 MP: 6/6
  1533 | D:2      | Reached XP level 3. HP: 17/17 MP: 7/7
  1665 | D:2      | Reached skill level 4 in Dodging
  1698 | D:2      | Reached skill level 1 in Fighting
  1996 | D:2      | Found a snail-covered altar of Cheibriados.
  2529 | D:3      | Reached XP level 4. HP: 16/22 MP: 8/8
  2743 | D:3      | Reached skill level 5 in Dodging
  2937 | D:3      | Noticed Grinder
  2939 | D:3      | Paralysed by Grinder for 5 turns
  2955 | D:3      | Paralysed by Grinder for 5 turns
  2956 | D:3      | Slain by Grinder

Skill      XL: |  1  2  3  4 |
---------------+-------------+-----
Stealth        | 2 3 |  3.5
Dodging        | 4 5 |  5.0
Fighting       | 1 |  1.5
Short Blades   | |  1.5
Long Blades    | |  0.5
Evocations     | |  4.8

Action                   |  1- 3 |  4- 6 || total
-------------------------+-------+-------++-------
Melee: Short sword       |   136 |       ||   136
       Long sword        |    21 |    14 ||    35
Evoke: Wand              |     4 |    14 ||    18
  Use: Scroll            |     3 |       ||     3
 Stab: Sleeping          |     7 |       ||     7
Armor: Robe              |    14 |       ||    14
Dodge: Dodged            |   157 |    12 ||   169
